 Dungeon Crawl Stone Soup version 0.24.0-1-gfbc8707 (webtiles) character file.

Game seed: 4502732134277148784, levelgen mode: deterministic

85313 Illumine the Severer (level 15, -4/138 HPs)
             Began as a Deep Dwarf Fighter on Oct 27, 2019.
             Was a High Priest of Makhleb.
             Slain by a merfolk impaler
             ... wielding a +1 trident of venom
              (6 damage)
             ... on level 1 of the Shoals.
             The game lasted 00:45:17 (17271 turns).

Illumine the Severer (Deep Dwarf Fighter)          Turns: 17271, Time: 00:45:18

Health: -4/138     AC: 30    Str: 30    XL:     15   Next: 37%
Magic:  11/11      EV: 13    Int: 11    God:    Makhleb [*****.]
Gold:   1895       SH: 19    Dex: 12    Spells: 14/14 levels left

rFire    + . .     SeeInvis +   Y - +0 hand axe (elec)
rCold    + + +     Gourm    .   c - +2 shield {AC+3}
rNeg     + + +     Faith    .   Z - +3 plate armour {rC+}
rPois    .         Spirit   .   x - +3 helmet "Fothreuph" {rF+ rC+ Int+3 Dex-4}
rElec    .         Reflect  +   v - +1 cloak of Surprise {Dex+3}
rCorr    .         Harm     .   M - +0 pair of gloves
MR       ++...                  (no boots)
Stlth    ..........             S - +4 amulet of reflection
HPRegen  0.00/turn              W - ring of protection from cold
MPRegen  0.12/turn              I - ring of Tuhalubor {rN++ Str+4 SInv}

@: lethally poisoned (-4 -> -20), mesmerised, non-regenerating, very slow
A: damage resistance, heal wounds, negative energy resistance 1, sense
surroundings 2, no regeneration
a: Heal Wounds, Minor Destruction, Lesser Servant of Makhleb, Major Destruction,
Greater Servant of Makhleb, Renounce Religion


You were on level 1 of the Shoals.
You worshipped Makhleb.
Makhleb was extremely pleased with you.
You were not hungry.

You visited 5 branches of the dungeon, and saw 21 of its levels.
You also visited: Sewer and Ossuary.

You collected 2507 gold pieces.
You spent 612 gold pieces at shops.

Inventory:

Hand Weapons
 j - the +0 halberd "Biquz" {freeze, rElec rPois Int+5, unknown}
   (You found it on level 1 of the Orcish Mines)

   It has been specially enchanted to freeze those struck by it, causing extra
   injury to most foes and up to half again as much damage against particularly
   susceptible opponents.
   It can also slow down cold-blooded creatures.
   It affects your intelligence (+5).
   It insulates you from electricity.
   It protects you from poison.
 F - a +0 hand axe of flaming
 K - a cursed -2 war axe
 Y - a +0 hand axe of electrocution (weapon)
Missiles
 A - 16 javelins (quivered)
Armour
 c - a +2 shield of protection (worn)
 v - the +1 cloak of Surprise (worn) {Dex+3}
   (You bought it in a shop on level 2 of the Orcish Mines)

   It affects your dexterity (+3).
 x - the +3 helmet "Fothreuph" (worn) {rF+ rC+ Int+3 Dex-4}
   (You found it on level 5 of the Dungeon)

   It affects your intelligence (+3).
   It affects your dexterity (-4).
   It protects you from fire.
   It protects you from cold.
 M - a +0 pair of gloves (worn)
 Z - a +3 plate armour of cold resistance (worn)
Jewellery
 d - an uncursed ring of protection from fire
 e - an uncursed ring of protection from cold
 i - a +5 ring of dexterity
 k - an uncursed ring of resist corrosion
 y - the ring "Xoseyfea" {Ice *Slow Str+4 Dex+3}
   (You found it in an ossuary)

   [ring of ice]

   It enhances your ice magic.
   It affects your strength (+4).
   It affects your dexterity (+3).
   It makes you vulnerable to fire.
   It protects you from cold.
   It may slow you when you take damage.
 z - an uncursed ring of protection from magic
 I - the ring of Tuhalubor (right hand) {rN++ Str+4 SInv}
   (You found it on level 3 of the Lair of Beasts)

   [ring of see invisible]

   It affects your strength (+4).
   It greatly protects you from negative energy.
   It lets you see invisible.
 S - a +4 amulet of reflection (around neck)
 W - a ring of protection from cold (left hand)
Wands
 u - a wand of flame (48)
 D - a wand of acid (12)
 E - a wand of iceblast (16)
 H - a wand of polymorph (20)
 N - a wand of random effects (22)
 U - a wand of paralysis (14)
Scrolls
 b - 8 scrolls of teleportation
 g - 14 scrolls of remove curse
 m - 3 scrolls of enchant weapon {unknown}
 p - 4 scrolls of immolation
 r - 5 scrolls of blinking
 s - 2 scrolls of fear
 w - 3 scrolls of fog
 C - a scroll of acquirement {unknown}
 G - 4 scrolls of magic mapping {unknown}
 J - a scroll of amnesia {unknown}
 O - 3 scrolls of enchant armour {unknown}
 P - a scroll of summoning {unknown}
 R - a scroll of silence {unknown}
 T - 3 scrolls of random uselessness {unknown}
Potions
 h - 6 potions of flight
 l - 3 potions of agility
 n - 4 potions of haste
 o - 3 potions of brilliance
 q - 13 potions of curing
 t - 8 potions of heal wounds
 B - 4 potions of resistance
 L - a potion of lignification
 Q - a potion of mutation
 V - a potion of might
 X - a potion of cancellation
Comestibles
 a - 2 chunks of flesh
 f - 30 rations


   Skills:
 + Level 10.1 Fighting
 - Level 15.0 Axes
 + Level 13.0 Armour
 * Level 12.4 Dodging
 - Level 0.1 Stealth
 + Level 12.1 Shields
 + Level 12.1 Invocations


You had 14 spell levels left.
You didn't know any spells.
Your spell library contained the following spells:

 Spells                   Type           Power        Failure   Level  Hunger
 Animate Skeleton         Necr           N/A          97%         1    ##.....
 Apportation              Tloc           #.....       97%         1    ##.....
 Confusing Touch          Hex            #.....       97%         1    ##.....
 Corona                   Hex            #......      97%         1    ##.....
 Flame Tongue             Conj/Fire      #....        97%         1    ##.....
 Magic Dart               Conj           #...         97%         1    ##.....
 Sting                    Conj/Pois      #...         97%         1    ##.....
 Summon Small Mammal      Summ           #...         97%         1    ##.....
 Blink                    Tloc           N/A          99%         2    ###....
 Call Imp                 Summ           #.......     99%         2    ###....
 Ensorcelled Hibernation  Hex/Ice        #.....       99%         2    ###....
 Poisonous Vapours        Pois/Air       #.....       99%         2    ###....
 Searing Ray              Conj           #.....       99%         2    ###....
 Slow                     Hex            #.......     99%         2    ###....
 Call Canine Familiar     Summ           #.......     100%        3    ####...
 Confuse                  Hex            #.......     100%        3    ####...
 Conjure Flame            Conj/Fire      #.......     100%        3    ####...
 Dazzling Spray           Conj/Hex       #.....       100%        3    ####...
 Mephitic Cloud           Conj/Pois/Air  #.......     100%        3    ####...
 Summon Guardian Golem    Hex/Summ       #.......     100%        3    ####...
 Tukima's Dance           Hex            #.......     100%        3    ####...
 Cause Fear               Hex            #.........   100%        4    #####..
 Force Lance              Conj/Tloc      #.......     100%        4    #####..
 Fulminant Prism          Conj/Hex       #.........   100%        4    #####..
 Iskenderun's Mystic Bla  Conj           #.......     100%        4    #####..
 Olgreb's Toxic Radiance  Pois           #.......     100%        4    #####..
 Summon Ice Beast         Ice/Summ       #.......     100%        4    #####..
 Summon Lightning Spire   Summ/Air       #.......     100%        4    #####..
 Silence                  Hex/Air        #.........   100%        5    ######.
 Venom Bolt               Conj/Pois      #.........   100%        5    ######.
 Bolt of Fire             Conj/Fire      #.........   100%        6    #######
 Conjure Ball Lightning   Conj/Air       #.........   100%        6    #######
 Deflect Missiles         Chrm/Air       #.........   100%        6    #######
 Dragon Form              Tmut           #.........   100%        7    #######
 Dragon's Call            Summ           #.........   100%        9    #######
 Tornado                  Air            #.........   100%        9    #######


Dungeon Overview and Level Annotations

Branches:
Dungeon (11/15)            Temple (1/1) D:7            Lair (6/6) D:10
 Shoals (1/4) Lair:2       Spider (0/4) Lair:4        Slime (0/5) Lair:6
    Orc (2/2) D:11            Elf (0/3) Orc:2         Sewer (visited)
Ossuary (visited)

Altars:
Cheibriados
Elyvilon
Fedhas
Gozag
Hepliaklqana
Kikubaaqudgha
Makhleb
Okawaru
Qazlal
Sif Muna
Trog
Uskayaw
Vehumet
Xom
Yredelemnul
The Shining One

Shops:
D:10 %   Orc:1 }   Orc:2 *:[(

Annotations:
D:11 exclusion: door
Lair:3 2 transporters, edsrzf's ghost, journeyman OgGl


Innate Abilities, Weirdness & Mutations

You are resistant to damage.
You can heal yourself by infusing magical energy.
You resist negative energy. (rN+)
You passively map the area around you.
You do not regenerate.


Message History

The wind drake flaps its wings at you. The air twists around and strikes you!
* * * LOW HITPOINT WARNING * * *
The merfolk hits you but does no damage.
The sea snake bites you but does no damage.
The merfolk avatar chants its luring song.
A demon appears!
You feel very sick.
The merfolk hits you but does no damage.
You block the merfolk impaler's attack.
The water nymph gestures at you while chanting.
The water swirls and strikes you!!
* * * LOW HITPOINT WARNING * * *
Your hellwing hits the sea snake!
The sea snake dies!
Makhleb accepts your kill.
You block the merfolk aquamancer's attack.
The merfolk barely misses you.
The merfolk impaler hits you from afar with a +1 trident of venom!
You die...

≈ ≈ ≈≈ ≈ ≈ ≈
≈≈≈≈≈≈≈≈≈≈≈≈≈≈≈≈≈≈≈ ≈
≈ ≈≈≈≈≈≈≈≈≈≈≈≈≈≈≈≈≈≈≈
≈≈ ≈
≈≈≈≈≈≈≈≈≈≈≈≈≈≈≈≈≈≈≈ ≈
≈≈ ≈≈≈≈≈≈≈≈≈≈≈≈≈≈≈≈≈≈
≈≈≈ ≈
≈≈≈≈≈≈≈≈≈≈≈≈≈≈≈≈≈≈≈≈≈
≈ ≈
≈≈≈≈≈≈≈≈≈≈4≈≈mm≈m≈≈≈≈
≈
≈≈≈≈≈≈≈≈≈≈≈≈≈mkH≈≈.≈
≈ ≈ ≈ ≈≈≈≈≈≈≈≈≈≈4m@#
* ≈ ≈ ≈
≈≈≈≈≈≈≈≈≈.m### ≈≈ ≈ ≈
≈≈≈≈≈≈≈≈≈...# , ≈,, ≈
≈≈≈≈≈≈≈≈≈≈≈..#*#. , ,
, ≈
≈≈≈≈≈≈≈≈≈≈≈...###.≈.
, ,
≈≈≈≈≈≈≈..........≈≈.
, * ,
≈≈≈≈≈≈..###..≈...≈≈≈,
, * ≈≈≈≈≈≈.#
#..≈≈.≈≈≈. ,, , ,*
≈≈≈≈≈≈.####..≈≈≈≈≈≈≈
,, ,


You could see a merfolk avatar, a merfolk impaler, a merfolk aquamancer, a wind
drake, 2 merfolk, a manticore, a water nymph, a friendly orange demon and a
friendly hellwing.

Vanquished Creatures
  2 frost giants
  An orc warlord (Orc:2)
  2 ettins (Orc:1)
  Josephine (Lair:4)
  4 hydras
  An ice dragon (Lair:4)
  Erica (D:11)
  4 catoblepae
  4 two-headed ogres
  8 death yaks
  3 orc high priests (Orc:2)
  An unseen horror (D:11)
  4 orc knights (Orc:2)
  A deep elf mage (D:10)
  7 fauns (Shoals:1)
  7 orc sorcerers (Orc:2)
  4 manticores
  2 ugly things
  A merfolk siren (Shoals:1)
  6 elephants (Lair:6)
  12 cyclopes (Orc:1)
  2 black mambas
  5 spiny frogs
  A centaur skeleton (D:11)
  2 gargoyles
  8 komodo dragons
  2 rime drakes
  A freezing wraith (D:10)
  6 trolls
  A wind drake (Shoals:1)
  4 polar bears (Lair:4)
  3 merfolk (Shoals:1)
  Grinder (D:6)
  3 slime creatures (Lair:6)
  6 blink frogs (Lair:5)
  5 hippogriffs
  8 dream sheep
  2 snapping turtles (Shoals:1)
  A spriggan (D:7)
  6 wraiths
  3 water elementals (Shoals:1)
  Sigmund (D:4)
  A shadow (D:10)
  4 wyverns
  5 basilisks (Lair:6)
  40 yaks
  A steam dragon (D:11)
  6 wargs
  A hungry ghost (D:11)
  A soldier ant (D:10)
  17 water moccasins
  3 porcupines
  35 orc warriors
  4 sky beasts
  4 ice beasts
  A black bear (D:11)
  A necrophage (D:11)
  29 wolves
  8 ogres
  5 centaurs
  10 crocodiles
  5 big kobolds
  9 bullfrogs
  A gnoll sergeant (D:8)
  2 wyvern zombies (D:11)
  A wyvern skeleton (D:6)
  9 scorpions
  12 killer bees
  3 howler monkeys
  An electric eel (Orc:1)
  2 crimson imps (D:8)
  4 centaur zombies
  A bullfrog zombie (D:11)
  5 jellies
  A quasit (D:9)
  5 hounds
  3 human zombies (Ossuary)
  A bullfrog skeleton (D:4)
  21 orc priests
  19 orc wizards
  6 iguanas
  7 worker ants
  A killer bee zombie (D:5)
  3 big kobold zombies (Ossuary)
  A hound zombie (D:8)
  5 mummies
  A hound skeleton (D:5)
  A worker ant zombie (D:11)
  7 gnolls
  3 howler monkey skeletons
  5 scorpion zombies (Ossuary)
  9 adders
  14 river rats
  6 shadow imps
  An ooze (Sewer)
  An adder skeleton (D:9)
  An adder zombie (D:5)
  3 worms
  7 leopard geckos
  61 orcs
  6 bats
  6 giant cockroaches
  13 goblins
  12 hobgoblins
  14 jackals
  2 quokkas
  5 ball pythons
  5 frilled lizards
  A giant cockroach zombie (D:6)
  3 goblin zombies (Ossuary)
  28 kobolds
  3 kobold zombies (Ossuary)
  A leopard gecko zombie (D:6)
  An orc zombie (Ossuary)
  A quokka skeleton (D:5)
  24 rats
  2 fungi
  2 plants
700 creatures vanquished.

Vanquished Creatures (collateral kills)
  2 orc warlords
  Nessos (Lair:4)
  Snorg (Lair:4)
  An ettin (Orc:1)
  A death yak (Lair:5)
  3 orc high priests (Orc:2)
  A sea snake (Shoals:1)
  A deep elf archer (D:10)
  2 orc sorcerers
  A komodo dragon (Lair:5)
  A troll (Orc:2)
  A wraith (Lair:4)
  2 yaks (Lair:4)
  3 wargs
  A water moccasin (Lair:4)
  7 orc warriors
  An ice beast (D:10)
  2 ogres
  13 wolves
  A crocodile (Lair:4)
  An orc priest (Orc:1)
  2 orcs
49 creatures vanquished.

Vanquished Creatures (others)
  2 cyclopes (Orc:1)
  A faun (Shoals:1)
  17 fungi
  3 plants
23 creatures vanquished.

Grand Total: 772 creatures vanquished

Notes
Turn   | Place    | Note
-------+----------+-------------------------------------------
     0 | D:1      | Illumine the Deep Dwarf Fighter began the quest for the
                  | Orb.
     0 | D:1      | Reached XP level 1. HP: 20/20 MP: 1/1
    86 | D:1      | Reached XP level 2. HP: 25/27 MP: 2/2
   348 | D:1      | Reached XP level 3. HP: 20/34 MP: 3/3
   352 | D:1      | Reached skill level 3 in Axes
  1033 | D:2      | Found a shimmering altar of Xom.
  1486 | D:3      | Reached skill level 4 in Axes
  1486 | D:3      | Reached XP level 4. HP: 40/42 MP: 4/4
  1522 | D:3      | Reached XP level 5. HP: 18/49 MP: 5/5
  1808 | D:3      | Found a glowing drain.
  1824 | Sewer    | Entered a sewer
  1844 | Sewer    | Reached skill level 5 in Axes
  1956 | Sewer    | Reached XP level 6. HP: 14/56 MP: 6/6
  2145 | Sewer    | Reached skill level 6 in Axes
  2197 | Sewer    | Reached XP level 7. HP: 33/62 MP: 7/7
  2562 | D:3      | Found a stormy altar of Qazlal.
  2974 | D:4      | Reached skill level 5 in Armour
  3022 | D:4      | Noticed Sigmund
  3042 | D:4      | Killed Sigmund
  3042 | D:4      | Reached skill level 7 in Axes
  3318 | D:4      | Reached skill level 5 in Shields
  3534 | D:4      | Found a bloodstained altar of Trog.
  3603 | D:5      | Entered Level 5 of the Dungeon
  3624 | D:5      | Reached XP level 8. HP: 40/72 MP: 6/6
  3697 | D:5      | Found a sand-covered staircase.
  3716 | D:5      | Got a pitted helmet
  3726 | D:5      | Identified the +3 helmet "Fothreuph" {rF+ rC+ Int+3 Dex-4}
                  | (You found it on level 5 of the Dungeon)
  3746 | Ossuary  | Entered an ossuary
  3827 | Ossuary  | Reached skill level 8 in Axes
  3984 | Ossuary  | Reached skill level 9 in Axes
  4033 | Ossuary  | Got a flickering marble ring
  4039 | Ossuary  | Identified the ring "Xoseyfea" {Ice *Slow Str+4 Dex+3} (You
                  | found it in an ossuary)
  4349 | D:5      | Gained mutation: You passively map the area around you.
                  | [Deep Dwarf growth]
  4349 | D:5      | Reached XP level 9. HP: 42/79 MP: 6/6
  4411 | D:5      | Reached skill level 10 in Axes
  4691 | D:5      | Found a radiant altar of Vehumet.
  5257 | D:6      | Noticed Grinder
  5268 | D:6      | Paralysed by Grinder for 3 turns
  5271 | D:6      | Killed Grinder
  5309 | D:6      | Reached skill level 5 in Fighting
  5506 | D:7      | Found a staircase to the Ecumenical Temple.
  5528 | Temple   | Entered the Ecumenical Temple
  5548 | Temple   | Became a worshipper of Makhleb the Destroyer
  5561 | D:7      | Reached skill level 11 in Axes
  5588 | D:7      | Reached skill level 1 in Dodging
  5820 | D:7      | Found a glowing golden altar of the Shining One.
  5865 | D:7      | Found a snail-covered altar of Cheibriados.
  6223 | D:7      | Found a white marble altar of Elyvilon.
  6409 | D:8      | Reached * piety under Makhleb
  6440 | D:8      | Reached XP level 10. HP: 52/88 MP: 6/6
  6566 | D:7      | Reached skill level 1 in Invocations
  6748 | D:8      | Reached ** piety under Makhleb
  7119 | D:9      | Noticed a two-headed ogre
  7133 | D:9      | Killed a two-headed ogre
  7133 | D:9      | Reached skill level 12 in Axes
  7415 | D:9      | Found a blossoming altar of Fedhas.
  7507 | D:9      | Reached *** piety under Makhleb
  7522 | D:9      | Noticed a two-headed ogre
  7536 | D:9      | Killed a two-headed ogre
  7614 | D:9      | Found an iron altar of Okawaru.
  7961 | D:10     | Entered Level 10 of the Dungeon
  7971 | D:10     | Found Vuniefuo's Food Shoppe.
  7971 | D:10     | Found a staircase to the Lair.
  7971 | D:10     | Noticed a gargoyle
  7983 | D:10     | Killed a gargoyle
  7988 | D:10     | Noticed a brown ugly thing
  8017 | D:10     | Killed a brown ugly thing
  8096 | D:10     | Reached XP level 11. HP: 55/97 MP: 8/8
  8103 | Lair:1   | Entered Level 1 of the Lair of Beasts
  8314 | Lair:1   | Reached skill level 5 in Invocations
  8478 | Lair:2   | Reached skill level 13 in Axes
  8593 | Lair:2   | Reached skill level 10 in Armour
  8663 | Lair:2   | Reached **** piety under Makhleb
  8878 | Lair:2   | Found a staircase to the Shoals.
  9348 | Lair:3   | Noticed edsrzf's ghost (journeyman OgGl)
  9354 | Lair:3   | Found a transporter.
  9358 | Lair:3   | Found a transporter.
  9498 | Lair:3   | Got a smoking tin ring
  9594 | Lair:3   | Noticed an eight-headed hydra
  9610 | Lair:3   | Killed a one-headed hydra
 10016 | Lair:4   | Reached XP level 12. HP: 63/109 MP: 11/11
 10194 | Lair:4   | Found a hole to the Spider Nest.
 10293 | Lair:4   | Identified the ring of Tuhalubor {rN++ Str+4 SInv} (You
                  | found it on level 3 of the Lair of Beasts)
 10301 | Lair:4   | Noticed Nessos
 10341 | Lair:4   | Killed Nessos
 10341 | Lair:4   | Reached skill level 5 in Dodging
 10354 | Lair:4   | Noticed Josephine
 10366 | Lair:4   | Killed Josephine
 10510 | Lair:4   | Noticed Snorg
 10541 | Lair:4   | Killed Snorg
 10795 | Lair:4   | Noticed an ice dragon
 10828 | Lair:4   | Killed an ice dragon
 10986 | Lair:5   | Noticed a five-headed hydra
 11001 | Lair:5   | Killed a one-headed hydra
 11035 | Lair:5   | Noticed a death yak
 11039 | Lair:5   | Noticed a death yak
 11042 | Lair:5   | Noticed a death yak
 11050 | Lair:5   | Noticed a death yak
 11054 | Lair:5   | Killed a death yak
 11071 | Lair:5   | Killed a death yak
 11071 | Lair:5   | Reached skill level 14 in Axes
 11071 | Lair:5   | Reached XP level 13. HP: 84/117 MP: 13/13
 11078 | Lair:5   | Reached skill level 10 in Shields
 11448 | Lair:5   | Reached ***** piety under Makhleb
 12002 | Lair:6   | Entered Level 6 of the Lair of Beasts
 12700 | Lair:6   | Reached skill level 10 in Invocations
 12998 | Lair:6   | Found a staircase to the Slime Pits.
 13018 | Lair:6   | Gained mutation: You resist negative energy. (rN+) [Deep
                  | Dwarf growth]
 13018 | Lair:6   | Reached XP level 14. HP: 127/127 MP: 13/13
 13822 | D:10     | Found a runed translucent door.
 13875 | D:10     | Reached skill level 10 in Dodging
 13880 | D:10     | Noticed a frost giant
 13889 | D:10     | Killed a frost giant
 13990 | D:11     | Found a staircase to the Orcish Mines.
 14238 | D:11     | Noticed Erica
 14246 | D:11     | Killed Erica
 14415 | D:11     | Found a shimmering blue altar of Sif Muna.
 14671 | Orc:1    | Entered Level 1 of the Orcish Mines
 14823 | Orc:1    | Noticed an orc warlord
 14854 | Orc:1    | Killed an orc warlord
 15223 | Orc:1    | Found Higuafil's Gadget Shop.
 15304 | Orc:1    | Reached ****** piety under Makhleb
 15522 | Orc:1    | Noticed a frost giant
 15549 | Orc:1    | Killed a frost giant
 15549 | Orc:1    | Reached skill level 15 in Axes
 15564 | Orc:1    | HP: 3/129 [ettin/+2 dire flail of protection (27)]
 15753 | Orc:1    | Got a distressingly furry scale mail
 15764 | Orc:1    | Identified the cursed +0 scale mail of Light {*Slow rF++
                  | Int+4 Slay+4} (You found it on level 1 of the Orcish Mines)
 15802 | Orc:1    | Got a faintly glowing halberd
 15830 | Orc:2    | Entered Level 2 of the Orcish Mines
 15931 | Orc:2    | Found Nuch's Antique Armour Emporium.
 15931 | Orc:2    | Noticed an orc warlord
 15937 | Orc:2    | Noticed an orc warlord
 16107 | Orc:2    | Paralysed by an orc sorcerer for 6 turns
 16137 | Orc:2    | Reached XP level 15. HP: 84/138 MP: 10/10
 16140 | Orc:2    | Found Jyomacry's Antique Weapon Shop.
 16384 | Orc:2    | Killed an orc warlord
 16434 | Orc:2    | Killed an orc warlord
 16493 | Orc:2    | Bought a glowing shield for 270 gold pieces
 16493 | Orc:2    | Bought a distressingly furry cloak for 342 gold pieces
 16505 | Orc:2    | Identified the +1 cloak of Surprise {Dex+3} (You bought it
                  | in a shop on level 2 of the Orcish Mines)
 16652 | Orc:2    | Found Hiudghim's Book Shoppe.
 16668 | Orc:2    | Reached skill level 10 in Fighting
 16753 | Orc:2    | Found Loech's General Store.
 16763 | Orc:2    | Found a radiant altar of Vehumet.
 16794 | Orc:2    | Found a staircase to the Elven Halls.
 16994 | Shoals:1 | Entered Level 1 of the Shoals
 17271 | Shoals:1 | HP: 2/138 [water nymph/the raging water (24)]
 17271 | Shoals:1 | Slain by a merfolk impaler

Levels and vault maps discovered:
D:1:      erik_arrival_cave_to_civilisation [erik_arrival_cave_to_temple],
          layout_rooms
D:2:      layout_loops_cross, overflow_temple_1_default, first_ration,
          minivault_24, kennysheep_cross_room, nrook_uturn
D:3:      layout_basic, nicolae_qazlal_eye_of_the_storm,
          cheibrodos_sewer_entry_bend, minmay_distorted
D:4:      layout_loops_ring, lightli_temple_of_fire, uniq_sigmund
D:5:      wad_woods_tower, layout_basic, fiery_altar_vehumet,
          gup_ossuary_entry_pyramid
D:6:      layout_basic, uniq_grinder
D:7:      layout_basic, elyvilon_altar_3, kennysheep_mini_moat, slow_altar_2,
          temple_fountains, the_bakery, minmay_strange_pillars
D:8:      layout_rooms
D:9:      layout_long_grid, fedhas_altar_2, okawaru_metal_pillars_1_2,
          serial_rivers, chequers_serial_rivers_room_a,
          chequers_serial_rivers_micro_a, chequers_serial_rivers_room_b,
          chequers_serial_rivers_micro_d
D:10:     layout_cave_pools, lair_entry_dummy, serial_shops, shop, minivault_13
D:11:     layout_roguey, orc_0_dummy, led_sif_book, uniq_erica
Temple:   nicolae_temple_god_jail
Lair:1:   layout_long_grid, serial_bayou_lagoon_a,
          cheibrodos_lair_caveside_slide, chequers_serial_rivers_small_a,
          lemuel_fruit_fields, grunt_megastairs_4, lemuel_fruit_fields,
          lemuel_fruit_fields
Lair:2:   layout_small_grid, minmay_shoals_entry_centaurs, grunt_megastairs_5,
          serial_bayou_shore_b
Lair:3:   layout_hall_layers, gammafunk_ghost_hive,
          chequers_serial_rivers_small_3, grunt_megastairs_2,
          lemuel_fruit_fields, infiniplex_staircase_pool_2
Lair:4:   layout_regular_city, nicolae_spider_entry_orb_guardian,
          portal_ice_cave_entry_animals_and_master, beast_lair_carwin_4,
          uniq_snorg, uniq_josephine, uniq_nessos
Lair:5:   cheibrodos_lair_river_kwai, layout_misc_corridors,
          grunt_forest_large_clearings, grunt_megastairs_1
Lair:6:   evilmike_catoblepas_cave, layout_cave_pods,
          minmay_slime_entry_pillars, kennysheep_basilisk_garden,
          infiniplex_staircase_pool
Shoals:1: layout_shoals, nicolae_shoals_siren_and_animal_friends
Orc:1:    giant_chief_lemuel, layout_diamond_mine, serial_shops, shop
Orc:2:    grunt_orc_gardens, layout_diamond_mine, grunt_orc_garden,
          grunt_orc_garden, grunt_orc_garden, grunt_orc_garden, basic_altar

Skill      XL: |  1  2  3  4  5  6  7  8  9 10 11 12 13 14 15 |
---------------+----------------------------------------------+-----
Fighting       | 3 4 5 6 7 8 9 10 | 10.1
Axes           | 4 5 6 7 9 11 12 13 14 15 | 15.0
Armour         | 4 5 6 7 9 10 11 12 13 | 13.0
Shields        | 4 5 6 7 8 9 10 11 12 | 12.1
Dodging        | 1 4 7 9 11 12 | 12.4
Invocations    | 4 6 8 10 11 12 | 12.1
Stealth        | |  0.1

Action                   |  1- 3 |  4- 6 |  7- 9 | 10-12 | 13-15 || total
-------------------------+-------+-------+-------+-------+-------++-------
Melee: War axe           |   138 |   227 |   631 |   923 |   947 ||  2866
       Hand axe          |       |       |       |    21 |   413 ||   434
Invok: Lesser Servant of |       |       |       |     7 |    16 ||    23
       Major Destruction |       |       |       |       |     1 ||     1
       Greater Servant o |       |       |       |       |     5 ||     5
 Abil: Heal Wounds       |     1 |     3 |    12 |    11 |    26 ||    53
  Use: Potion            |       |       |     2 |     2 |     3 ||     7
       Scroll            |       |       |    18 |     6 |     2 ||    26
 Stab: Distracted        |       |       |       |     3 |     3 ||     6
       Confused          |       |       |       |       |     1 ||     1
  Eat: Ration            |     1 |       |     1 |     1 |     2 ||     5
       Chunk             |       |     2 |    11 |    13 |    16 ||    42
Armor: Scale mail        |    45 |       |       |       |       ||    45
       Plate armour      |    28 |   152 |   374 |   561 |   462 ||  1577
Dodge: Dodged            |    45 |    42 |   123 |   244 |   395 ||   849
Block: Shield            |    80 |   174 |   316 |   687 |  1000 ||  2257
       Reflection        |       |       |       |     1 |    42 ||    43
